 Dungeon Crawl Stone Soup version 0.29.0-15-g675c0067aa (webtiles) character file.

Game seed: 2835478444173875269

69356 SensoryNuts the Severer (level 15, -29/143 HPs)
             Began as a Hill Orc Fighter on Sept 10, 2022.
             Was an Elder of Jiyva.
             Annihilated by SensoryNuts's illusion (illusionary) (40 damage)
             ... woven by Mara
             ... on level 3 of the Swamp on Sept 11, 2022.
             The game lasted 00:44:10 (21406 turns).

SensoryNuts the Severer (Hill Orc Fighter)         Turns: 21406, Time: 00:44:11

Health: -29/143    AC: 27    Str: 30    XL:     15   Next: 29%
Magic:  15/15      EV: 18    Int: 11    God:    Jiyva [****..]
Gold:   982        SH:  9    Dex: 10    Spells: 14/14 levels left

rFire   . . .      SeeInvis +   a - +5 war axe (spect)
rCold   . . .      Faith    .   c - +3 buckler
rNeg    . . .      Spirit   .   q - +0 steam dragon scales
rPois   +          Reflect  .   p - +2 helmet
rElec   .          Harm     .   v - +2 cloak
rCorr   +          Rampage  .   w - +2 pair of gloves
Will    +....                   K - +2 pair of boots
Stlth   +++.......              (no amulet)
HPRegen 1.61/turn               g - ring of see invisible
MPRegen 0.54/turn               b - +4 ring of protection

@: no status effects
A: thin skeletal structure 1, clever 1, poison resistance, strong 1, gelatinous
body 3
a: Renounce Religion, Oozemancy, Slimify


You were on level 3 of the Swamp.
You worshipped Jiyva.
Jiyva was greatly pleased with you.
You visited 6 branches of the dungeon, and saw 22 of its levels.

You collected 1237 gold pieces.
You spent 255 gold pieces at shops.

Inventory:

Hand Weapons
 a - a +5 spectral war axe (weapon)
Missiles
 e - 2 throwing nets
Armour
 c - a +3 buckler (worn)
 k - a scarf of resistance
 p - a +2 helmet (worn)
 q - +0 steam dragon scales (worn)
 v - a +2 cloak (worn)
 w - a +2 pair of gloves (worn)
 K - a +2 pair of boots (worn)
Jewellery
 b - a +4 ring of protection (right hand)
 f - a ring of resist corrosion
 g - a ring of see invisible (left hand)
 B - a ring of magical power
 H - a ring of ice
 M - an amulet of faith
Wands
 o - a wand of charming (9)
 u - a wand of digging (9)
 x - a wand of light (2)
 A - a wand of polymorph (13) (quivered)
 F - a wand of roots (19)
Scrolls
 l - 2 scrolls of amnesia
 m - 7 scrolls of teleportation
 y - 3 scrolls of silence
 G - a scroll of poison
 I - a scroll of magic mapping
 J - 6 scrolls of identify
 L - 2 scrolls of butterflies
 N - a scroll of fear
Potions
 d - a potion of flight
 h - 3 potions of attraction
 i - a potion of cancellation
 j - a potion of brilliance
 n - 2 potions of ambrosia
 r - 2 potions of curing
 s - 4 potions of degeneration
 t - a potion of resistance
 C - a potion of magic
Miscellaneous
 D - a phantom mirror


   Skills:
 + Level 15.8 Fighting
 + Level 19.4 Axes
 + Level 9.3 Armour
 + Level 10.1 Dodging
 + Level 4.0 Stealth
 + Level 11.6 Shields
 + Level 0.2 Evocations


You had 14 spell levels left.
You didn't know any spells.
Your spell library contained the following spells:

 Spells                   Type           Power      Damage    Failure   Level
 Apportation              Tloc           0%         N/A       38%         1
 Static Discharge         Conj/Air       0%         3-3/arc   54%         2
 Conjure Flame            Conj/Fire      0%         6-21      77%         3
 Gell's Gravitas          Tloc           0%         N/A       77%         3
 Ignite Poison            Fire/Tmut/Pois 0%         N/A       77%         3
 Lesser Beckoning         Tloc           0%         N/A       77%         3
 Teleport Other           Tloc           0%         N/A       77%         3
 Tukima's Dance           Hex            0%         N/A       77%         3
 Animate Armour           Summ/Erth      0%         N/A       99%         4
 Dispel Undead            Necr           0%         3d6       99%         4
 Passage of Golubria      Tloc           0%         N/A       99%         4
 Sticky Flame             Conj/Fire      0%         2d3       99%         4
 Blade Hands              Tmut           0%         N/A       100%        5
 Freezing Cloud           Conj/Ice/Air   0%         6-21      100%        5
 Yara's Violent Unravell  Hex/Tmut       0%         3d3       100%        5
 Iron Shot                Conj/Erth      0%         9d1       100%        6
 Simulacrum               Ice/Necr       0%         N/A       100%        6
 Polar Vortex             Ice            0%         N/A       100%        9


Dungeon Overview and Level Annotations

Branches:
Dungeon (11/15)            Temple (1/1) D:4            Lair (5/5) D:9
  Swamp (3/4) Lair:3        Snake (1/4) Lair:3        Slime (1/5) Lair:4
    Orc: D:9-12

Altars:
Ashenzari
Cheibriados
Dithmenos
Elyvilon
Fedhas
Gozag
Hepliaklqana
Kikubaaqudgha
Makhleb
Nemelex Xobeh
Okawaru
Qazlal
Ru
Sif Muna
Trog
Uskayaw
Vehumet
Wu Jian
Xom
Yredelemnul
Zin
The Shining One
Jiyva

Shops:
D:3 [   D:6 :*!?[   D:8 :

Annotations:
D:7 2 transporters, Grum
D:9 3 runed translucent doors, chamandro's ghost, journeyman GnAr
Lair:2 2 transporters
Swamp:3 Mara
Snake:1 Roxanne


Innate Abilities, Weirdness & Mutations

You have a somewhat thin skeletal structure. (Dex +2, Stealth+)
Your mind is acute. (Int +4, Str/Dex -1)
Your system is resistant to poisons. (rPois)
Your muscles are strong. (Str +4, Int/Dex -1)
Your gelatinous body deflects attacks. (AC +3, EV +3)


Message History

SensoryNuts's illusion is lightly wounded.
Your +5 spectral war axe hits SensoryNuts's illusion!!
SensoryNuts's illusion hits you but does no damage.
Mara blinks!
You attack the rock wall.
SensoryNuts's illusion barely misses you.
You attack the rock wall.
You closely miss SensoryNuts's illusion.
Your +5 spectral war axe barely misses SensoryNuts's illusion.
SensoryNuts's illusion hits you!!
* * * LOW HITPOINT WARNING * * *
Unknown command.
Unknown command.
You closely miss SensoryNuts's illusion.
Your +5 spectral war axe hits SensoryNuts's illusion but does no damage.
SensoryNuts's illusion hits you but does no damage.
You barely miss SensoryNuts's illusion.
SensoryNuts's illusion is moderately wounded.
Your +5 spectral war axe hits SensoryNuts's illusion but does no damage.
SensoryNuts's illusion hits you!
* * * LOW HITPOINT WARNING * * *
Unknown command.
You are too confused!
Your magical effects are unravelling.
You feel magically purged.
You feel less wooden.
Your +2 cloak unmelds from your body.
Your +2 helmet unmelds from your body.
Your +2 pair of gloves unmelds from your body.
Your +2 pair of boots unmelds from your body.
Your +0 steam dragon scales unmelds from your body.
You feel less invigorated.
You feel less confused.
You feel a little less mighty now.
Mara blinks!
SensoryNuts's illusion hits you!
* * * LOW HITPOINT WARNING * * *
As you read the scroll of fear, it crumbles to dust.
You assume a fearsome visage.
SensoryNuts's illusion easily resists.
Mara resists with almost no effort.
Mara calls, "Stop!
In seven days from now the wheel of empire will appear!"
Mara blinks!
SensoryNuts's illusion hits you!!!
You die...

♣~.♣♣..#####..♣ ♣~~~~♣..
♣~..♣..#...#.[♣ ♣.~~.♣~♣
♣.~.♣..#...#..♣♣♣ ♣....~♣~
♣~§~♣..##'##..)~♣ ♣~...~..
♣.~~♣.........R~♣♣♣♣♣~...~
♣♣.~......R.§.~~~♣ ♣♣~~..
♣♣~§......§...~~~~♣ ♣♣♣♣<
♣~~~♣...##@##.♣~~♣♣ ♣~.
♣~~♣♣...#@))#.♣♣♣♣ ~. ♣~~
♣.~♣♣...#§))#.♣ ~~~♣♣.~
♣~..♣♣..#####[♣ ~~~~...
♣...♣♣.[. ...~~~~
♣.§~~♣..(. ♣♣..~~§ ♣.§~♣♣♣
♣♣♣♣♣♣...~ ♣~....♣♣♣♣♣
♣♣♣♣♣..♣♣~.... ♣.~..♣♣.~.♣
♣.~.~.~...~... ♣..~...~}♣♣
♣.~~~.~~~~.~~~


You could see 2 Maras and SensoryNuts's illusion (strong).

Vanquished Creatures
  A fenstrider witch (Swamp:1)
  2 bunyips
  A fire dragon (Swamp:3)
  8 hydras
  A catoblepas (Lair:5)
  5 alligators
  Urug (Lair:2)
  5 death yaks (Lair:5)
  Amaemon (Lair:2)
  3 goliath frogs
  2 spriggan druids
  2 swamp dragons
  Pikel (D:7)
  2 deep elf pyromancers
  13 elephants
  3 black mambas
  A guardian serpent (Lair:3)
  9 cane toads
  An unseen horror (D:10)
  An orange demon (Lair:3)
  3 rime drakes
  6 komodo dragons
  A bloated husk (Swamp:2)
  A troll (D:9)
  8 tyrant leeches
  7 polar bears
  14 hornets
  3 slime creatures (Lair:4)
  24 blink frogs
  6 dream sheep
  Sigmund (D:5)
  12 wyverns
  26 spriggans
  48 yaks
  A basilisk (Lair:2)
  A steam dragon (Lair:1)
  4 vampire mosquitoes
  Menkaure (D:4)
  11 swamp worms
  An acid dragon (D:10)
  11 water moccasins
  2 orc warriors (D:9)
  A sky beast (D:6)
  2 ice beasts
  A swamp drake (Swamp:1)
  9 black bears
  3 boggarts (Lair:5)
  22 wolves (Lair:5)
  2 centaurs
  A phantom (D:4)
  A kobold brigand (D:8)
  15 bullfrogs
  A necrophage (D:5)
  4 scorpions
  20 wights
  4 killer bees (D:6)
  A howler monkey (D:8)
  5 hounds
  5 jellies
  2 gnoll boudas
  An orc priest (D:8)
  4 iguanas
  Crazy Yiuf (D:4)
  Jessica (D:2)
  7 orc wizards
  5 gnolls
  3 adders
  2 shadow imps
  2 white imps
  2 dart slugs
  27 orcs
  7 ball pythons
  4 bats
  4 endoplasms (D:1)
  13 giant cockroaches
  5 goblins
  10 hobgoblins
  9 jackals
  8 quokkas
  3 frilled lizards
  4 kobolds
  6 rats
482 creatures vanquished.

Vanquished Creatures (collateral kills)
  A hydra (Lair:5)
  A boulder beetle (Lair:4)
  A komodo dragon (Lair:4)
3 creatures vanquished.

Vanquished Creatures (others)
  A bloated husk (Swamp:1)
  A spriggan (Swamp:1)
  A basilisk (Lair:5)
  2 vampire mosquitoes (Swamp:2)
  A wolf (Lair:5)
  34 jellies
  An orc (D:5)
  63 fungi
  88 plants
192 creatures vanquished.

Grand Total: 677 creatures vanquished

Notes
Turn   | Place    | Note
-------+----------+-------------------------------------------
     0 | D:1      | SensoryNuts the Hill Orc Fighter began the quest for the
                  | Orb.
     0 | D:1      | Reached XP level 1. HP: 19/19 MP: 1/1
   210 | D:1      | Reached skill level 3 in Axes
   254 | D:1      | Reached XP level 2. HP: 27/27 MP: 2/2
   852 | D:1      | Reached XP level 3. HP: 28/33 MP: 3/3
  1436 | D:2      | Reached skill level 4 in Axes
  1518 | D:2      | Reached XP level 4. HP: 40/40 MP: 4/4
  1668 | D:2      | Noticed Jessica
  1685 | D:2      | Killed Jessica
  1750 | D:2      | Got Jessica's Monograph on the Map
  2037 | D:3      | Found an opulent altar of Gozag.
  2230 | D:3      | Found Ubikysio's Antique Armour Shoppe.
  2267 | D:3      | Noticed a black bear
  2279 | D:3      | Killed a black bear
  2280 | D:3      | Reached skill level 5 in Axes
  2280 | D:3      | Reached XP level 5. HP: 26/47 MP: 5/5
  2498 | D:3      | Found a snail-covered altar of Cheibriados.
  2725 | D:3      | Reached XP level 6. HP: 52/53 MP: 6/6
  3169 | D:4      | Found a shimmering altar of Xom.
  3239 | D:4      | Found a stormy altar of Qazlal.
  3261 | D:4      | Reached skill level 6 in Axes
  3261 | D:4      | Reached skill level 1 in Dodging
  3341 | D:4      | Found a white marble altar of Elyvilon.
  3376 | D:4      | Found a staircase to the Ecumenical Temple.
  3418 | D:4      | Found a runed translucent door.
  3437 | Temple   | Entered the Ecumenical Temple
  3729 | D:4      | Reached skill level 5 in Armour
  3759 | D:4      | Noticed Menkaure
  3770 | D:4      | Killed Menkaure
  3771 | D:4      | Reached skill level 7 in Axes
  3771 | D:4      | Reached XP level 7. HP: 11/60 MP: 7/7
  4335 | D:4      | Noticed Crazy Yiuf
  4429 | D:4      | Killed Crazy Yiuf
  4430 | D:4      | Reached skill level 5 in Fighting
  4445 | D:5      | Entered Level 5 of the Dungeon
  4454 | D:5      | Found an iron altar of Okawaru.
  4540 | D:5      | Reached skill level 8 in Axes
  4553 | D:5      | Found a sacrificial altar of Ru.
  4803 | D:5      | Noticed Sigmund
  4810 | D:5      | Killed Sigmund
  4811 | D:5      | Reached skill level 9 in Axes
  4811 | D:5      | Reached XP level 8. HP: 69/69 MP: 8/8
  5891 | D:6      | Reached skill level 1 in Stealth
  6048 | D:6      | Reached skill level 10 in Axes
  6258 | D:6      | Found Pekhog's Antique Armour Shoppe.
  6260 | D:6      | Found Pipowut's Distillery.
  6260 | D:6      | Found Xici Bio's Assorted Antiques.
  6260 | D:6      | Found Uxuday's Book Shop.
  6260 | D:6      | Found Batogio's Magic Scroll Shoppe.
  6294 | D:6      | Reached skill level 11 in Axes
  6294 | D:6      | Reached XP level 9. HP: 29/78 MP: 9/9
  6509 | D:6      | Bought a scroll labelled UNALISHOSUBB for 30 gold pieces
  6509 | D:6      | Bought a scroll labelled EDAGOKL YCIL for 30 gold pieces
  6509 | D:6      | Bought a scroll labelled QAXZIT OJUOWE for 30 gold pieces
  6511 | D:6      | Bought 2 potions of heal wounds for 110 gold pieces
  6511 | D:6      | Bought a potion of heal wounds for 55 gold pieces
  6971 | D:7      | Found a hide-covered altar of Uskayaw.
  7010 | D:7      | Noticed Grum
  7216 | D:7      | Found a shadowy altar of Dithmenos.
  7267 | D:7      | Found a transporter.
  7362 | D:7      | Found a transporter.
  7363 | D:7      | Identified the ring "Danats" {rF++ rC- Will+ Int+6}
  7486 | D:7      | Noticed Pikel
  7507 | D:7      | Killed Pikel
  7508 | D:7      | Reached skill level 12 in Axes
  7833 | D:8      | Found Veoroal's Book Boutique.
  8512 | D:8      | Reached skill level 13 in Axes
  8649 | D:8      | Reached XP level 10. HP: 84/86 MP: 10/10
  8681 | D:8      | Reached skill level 5 in Shields
  8748 | D:8      | Found a shimmering blue altar of Sif Muna.
  9374 | D:9      | Reached skill level 14 in Axes
  9436 | D:9      | Found a staircase to the Lair.
  9813 | D:9      | Found a runed translucent gate.
  9813 | D:9      | Found a runed translucent gate.
  9813 | D:9      | Found a runed translucent gate.
  9813 | D:9      | Noticed a spectral centaur warrior
  9814 | D:9      | Noticed chamandro's ghost (journeyman GnAr)
  9814 | D:9      | Noticed a spectral centaur warrior
  9815 | D:9      | Noticed a spectral centaur warrior
 10099 | D:10     | Entered Level 10 of the Dungeon
 10477 | D:10     | Found a sparkling altar of Nemelex Xobeh.
 10559 | D:10     | Found a hazy altar of Hepliaklqana.
 10611 | D:10     | Reached skill level 15 in Axes
 10670 | D:10     | Noticed an unseen horror
 10681 | D:10     | Killed an unseen horror
 10682 | D:10     | Reached XP level 11. HP: 86/95 MP: 11/11
 10997 | D:10     | Found an ancient bone altar of Kikubaaqudgha.
 11901 | D:10     | Identified the +7 whip "Duugurgh" {drain, rF++ rN+ Str+3
                  | Dex-3}
 11908 | D:10     | Gained mutation: You have sharp toenails. [potion of
                  | mutation]
 11932 | D:11     | Noticed a deep elf pyromancer
 11932 | D:11     | Noticed a deep elf pyromancer
 12138 | D:10     | Killed a deep elf pyromancer
 12154 | D:11     | Killed a deep elf pyromancer
 12255 | D:11     | Noticed a two-headed ogre
 12704 | Lair:1   | Entered Level 1 of the Lair of Beasts
 12883 | Lair:1   | Reached skill level 16 in Axes
 13646 | Lair:2   | Found a transporter.
 13816 | Lair:2   | Reached skill level 10 in Fighting
 13921 | Lair:2   | Reached XP level 12. HP: 97/107 MP: 12/12
 13975 | Lair:2   | Noticed Urug
 13990 | Lair:2   | Killed Urug
 14576 | Lair:2   | Reached skill level 5 in Dodging
 14734 | Lair:2   | Noticed a boulder beetle
 14735 | Lair:2   | Found a transporter.
 14906 | Lair:3   | Noticed Amaemon
 14927 | Lair:2   | Killed Amaemon
 15205 | Lair:3   | Reached skill level 17 in Axes
 15247 | Lair:3   | Found a staircase to the Snake Pit.
 15751 | Lair:3   | Found a staircase to the Swamp.
 16575 | Lair:4   | Noticed a four-headed hydra
 16596 | Lair:4   | Killed an 18-headed hydra
 16964 | Lair:4   | Reached XP level 13. HP: 119/119 MP: 13/13
 17005 | Lair:4   | Found a viscous altar of Jiyva.
 17006 | Lair:4   | Found a staircase to the Slime Pits.
 17027 | Lair:4   | Became a worshipper of Jiyva Jamiomey the Shapeless
 17291 | Lair:4   | Reached * piety under Jiyva
 17525 | Lair:4   | Reached skill level 18 in Axes
 17692 | Lair:4   | Reached ** piety under Jiyva
 17895 | Lair:5   | Entered Level 5 of the Lair of Beasts
 17993 | Lair:5   | HP: 5/184 [19-headed hydra (8)]
 18348 | Lair:5   | Reached XP level 14. HP: 129/132 MP: 14/14
 18603 | Lair:5   | Lost mutation: You have sharp toenails. [potion of
                  | mutation]
 18603 | Lair:5   | Gained mutation: You have hidden genetic defects. [potion
                  | of mutation]
 18603 | Lair:5   | Gained mutation: Your flesh is heat resistant. (rF+)
                  | [potion of mutation]
 18604 | Lair:5   | Lost mutation: Your flesh is heat resistant. (rF+) [potion
                  | of mutation]
 18604 | Lair:5   | Lost mutation: You have hidden genetic defects. [potion of
                  | mutation]
 18604 | Lair:5   | Gained mutation: You have a somewhat thin skeletal
                  | structure. (Dex +2, Stealth+) [potion of mutation]
 18604 | Lair:5   | Gained mutation: You do not regenerate when monsters are
                  | visible. [potion of mutation]
 18604 | Lair:5   | Gained mutation: Your system is resistant to poisons.
                  | (rPois) [potion of mutation]
 18604 | Lair:5   | Gained mutation: Your mind is acute. (Int +4, Str/Dex -1)
                  | [potion of mutation]
 18938 | Lair:5   | Reached skill level 10 in Shields
 19213 | Lair:5   | Reached *** piety under Jiyva
 19213 | Lair:5   | Lost mutation: You do not regenerate when monsters are
                  | visible. [Jiyva's grace]
 19213 | Lair:5   | Gained mutation: Your rubbery body absorbs attacks. (AC +1,
                  | EV +1) [Jiyva's grace]
 19213 | Lair:5   | Gained mutation: Your pliable body absorbs attacks. (AC +2,
                  | EV +2) [Jiyva's grace]
 19213 | Lair:5   | Gained mutation: Your gelatinous body deflects attacks. (AC
                  | +3, EV +3) [Jiyva's grace]
 19213 | Lair:5   | Gained mutation: Your muscles are strong. (Str +4, Int/Dex
                  | -1) [Jiyva's grace]
 19362 | Slime:1  | Entered Level 1 of the Pits of Slime
 19370 | Slime:1  | Noticed a quicksilver ooze
 19391 | Slime:1  | Noticed an azure jelly
 19401 | Slime:1  | Noticed an azure jelly
 19413 | Slime:1  | Noticed a rockslime
 19479 | Slime:1  | Noticed a rockslime
 19502 | Slime:1  | Found a viscous altar of Jiyva.
 19616 | Snake:1  | Entered Level 1 of the Snake Pit
 19624 | Snake:1  | Identified Roxanne's Omnibus of Silt
 19624 | Snake:1  | Noticed Roxanne
 19671 | Swamp:1  | Entered Level 1 of the Swamp
 19751 | Swamp:1  | Reached skill level 15 in Fighting
 19751 | Swamp:1  | Reached skill level 19 in Axes
 20456 | Swamp:2  | Noticed a fenstrider witch
 20472 | Swamp:1  | Killed a fenstrider witch
 20559 | Swamp:2  | Reached XP level 15. HP: 92/141 MP: 15/15
 20713 | Swamp:2  | Reached **** piety under Jiyva
 21146 | Swamp:3  | Upgraded the game from 0.29.0-13-gc9e81de378 to
                  | 0.29.0-15-g675c0067aa
 21157 | Swamp:3  | Reached skill level 10 in Dodging
 21354 | Swamp:3  | Noticed Mara
 21360 | Swamp:3  | Noticed SensoryNuts's illusion
 21385 | Swamp:3  | Noticed SensoryNuts's illusion
 21406 | Swamp:3  | Annihilated by SensoryNuts's illusion (illusionary)

Illustrated notes

Levels and vault maps discovered:
D:1:      elethiomel_arrival_maze, layout_basic
D:2:      layout_loops_cross, kennysheep_jessica_study
D:3:      kennysheep_six_static_rooms, layout_rooms, mainiacjoe_overflow_paths,
          cheibriados_altar_1, serial_shops, nicolae_shop_crystal,
          serial_co_window_serial, co_window_paths_b, co_window_corner_a,
          co_window_of_opportunity_a, co_window_of_opportunity_a,
          co_window_of_opportunity_a, co_window_corner_b, co_window_2corner,
          co_window_of_opportunity_b, co_window_4corner_a, co_window_paths_e,
          glass_columns_b, minmay_misc_feat_doors
D:4:      layout_cave_pods, kennysheep_mini_moat,
          nicolae_qazlal_scattered_showers, elyvilon_altar_1,
          minmay_temple_entry_waves, portal_sewer_entry_f, serial_glass,
          glass_columns_a, glass_columns_a, uniq_menkaure,
          uniq_crazy_yiuf_cottage
D:5:      layout_cave_pods, nicolae_ru_great_annihilating_truth,
          lemuel_round_altar, serial_bayou_lagoon_a, uniq_sigmund
D:6:      layout_loops_ring, hangedman_decor_clover_reticule,
          nicolae_wooded_promenade, hangedman_decor_growths
D:7:      layout_basic, amcnicky_altar_gilded,
          mainiacjoe_overflow_cross_hatched, gammafunk_ghost_gnarly_gnolls,
          minmay_misc_feat_pillars, uniq_pikel
D:8:      layout_gridville, led_sif_pool, serial_shops, nicolae_shop_trees
D:9:      layout_roguey, due_lair_maze_entry_diamond, gammafunk_ghost_necromancy
D:10:     layout_gridville, lemuel_tele_altar,
          mainiacjoe_overflow_small_starburst,
          worldfamousw_hep_ancestral_shrine, worms_lemuel
D:11:     layout_roguey, david_orc_5
Temple:   hellmonk_temple_beads
Lair:1:   layout_roguey
Lair:2:   gammafunk_boulding_lane, layout_regular_city, uniq_urug
Lair:3:   layout_regular_city, minmay_swamp_entry_worms,
          minmay_snake_entry_spellcaster, uniq_amaemon
Lair:4:   hellmonk_ruined_rings, layout_regular_city,
          minmay_slime_entry_pillars, infiniplex_staircase_pool
Lair:5:   minmay_lair_end_enchanted_forest, layout_regular_city,
          grunt_megastairs_1
Swamp:1:  layout_basic_swamp, nicolae_swamp_long_stream,
          infiniplex_staircase_pool_2
Swamp:2:  layout_falls_marsh, evilmike_swamp_ruin_rubble_1
Swamp:3:  layout_basic_swamp, nicolae_swamp_orc_logging_accident, uniq_mara,
          uniq_mlioglotl
Snake:1:  layout_honeycomb, serial_shops, shop, uniq_frances, uniq_kirke,
          uniq_asterion, uniq_roxanne
Slime:1:  layout_caves, basic_altar

Skill      XL: |  1  2  3  4  5  6  7  8  9 10 11 12 13 14 15 |
---------------+----------------------------------------------+-----
Axes           | 3 4 5 7 9 11 13 15 16 17 18 19 | 19.4
Fighting       | 4 5 6 7 8 10 12 14 15 | 15.8
Armour         | 4 5 6 7 9 |  9.3
Dodging        | 1 2 3 4 6 8 9 10 | 10.1
Shields        | 4 6 7 9 11 | 11.6
Stealth        | 1 2 3 4 |  4.0
Evocations     | |  0.2

Action                   |  1- 3 |  4- 6 |  7- 9 | 10-12 | 13-15 || total
-------------------------+-------+-------+-------+-------+-------++-------
Melee: War axe           |    84 |   150 |   301 |   731 |   816 ||  2082
Evoke: Wand              |       |       |     1 |     1 |     3 ||     5
       Phantom mirror    |       |       |       |       |     1 ||     1
  Use: Scroll            |     2 |     8 |    11 |    21 |     9 ||    51
       Potion            |       |     3 |     1 |     7 |    15 ||    26
 Stab: Paralysed         |       |       |     1 |       |       ||     1
       Sleeping          |       |       |       |     1 |     4 ||     5
       Distracted        |       |       |       |       |     5 ||     5
Armor: Scale mail        |    36 |    83 |   140 |   144 |       ||   403
       Steam dragon scal |       |       |       |   181 |   482 ||   663
       Skin              |       |       |       |     1 |     7 ||     8
Dodge: Dodged            |    44 |    77 |   116 |   340 |   595 ||  1172
Block: Buckler           |    15 |    35 |    62 |   171 |   434 ||   717
